 Dungeon Crawl Stone Soup version 0.20.1-1-g8b1a95d (webtiles) character file.

97592 Humpert the Eclecticist (level 15, -1/137 HPs)
             Began as a Purple Draconian Conjurer on Oct 14, 2017.
             Was a High Priest of Vehumet.
             Slain by an orc warrior
             ... wielding a +0 glaive
              (26 damage)
             ... on level 1 of the Orcish Mines.
             The game lasted 03:03:54 (45910 turns).

Humpert the Eclecticist (DrCj)                     Turns: 45910, Time: 03:03:55

Health: -1/137     AC: 14    Str: 10    XL:     15   Next: 72%
Magic:  10/43      EV: 15    Int: 23    God:    Vehumet [*****.]
Gold:   2020       SH:  0    Dex: 11    Spells: 7/44 levels left

rFire    . . .     SeeInvis .   l - +8 short sword (flame)
rCold    . . .     Gourm    .   o - +1 buckler
rNeg     . . .     Faith    .   (armour unavailable)
rPois    .         Spirit   .   (helmet restricted)
rElec    .         Reflect  +   R - +0 cloak
rCorr    .         Harm     .   V - +2 pair of gloves
MR       ++...                  p - +0 pair of boots
Stlth    +.........             I - +4 amulet of reflection
Regen    0.4/turn               F - ring of magical power
MPRegen  0.3/turn               K - ring of wizardry

@: confused
A: breathe power, unfitting armour, cold-blooded, AC +9
a: Breathe Dispelling Energy, Renounce Religion


You were on level 1 of the Orcish Mines.
You worshipped Vehumet.
Vehumet was extremely pleased with you.
You were not hungry.

You visited 3 branches of the dungeon, and saw 23 of its levels.

You collected 2293 gold pieces.
You spent 273 gold pieces at shops.

Inventory:

Hand Weapons
 l - a +8 short sword of flaming (weapon)
Armour
 o - a +1 buckler (worn)
 p - a +0 pair of boots (worn)
 R - a +0 cloak (worn)
 V - a +2 pair of gloves (worn)
Magical Staves
 E - a cursed staff of cold
Jewellery
 n - an uncursed ring of stealth
 w - an uncursed ring of positive energy
 z - an uncursed ring of protection from fire
 F - a ring of magical power (left hand)
 I - a +4 amulet of reflection (around neck)
 J - an uncursed ring of see invisible
 K - a ring of wizardry (right hand)
Wands
 e - a wand of enslavement (0/24)
 f - a wand of polymorph (13/24)
 j - a wand of polymorph (8/24)
 s - a wand of acid (8/15)
 y - a wand of lightning (0/15)
 O - a wand of acid (2/15)
 Y - a wand of disintegration (6/24)
Scrolls
 c - 4 scrolls of recharging
 m - 9 scrolls of remove curse
 q - 12 scrolls of teleportation
 t - 7 scrolls of identify
 H - 2 scrolls of fear
 N - a scroll of amnesia
 T - 2 scrolls of fog
Potions
 a - a potion of haste
 d - 5 potions of lignification
 i - 3 potions of berserk rage
 r - 2 potions of resistance
 u - 2 potions of might
 x - a potion of agility
 A - 5 potions of brilliance
 B - 5 potions of curing
 C - 4 potions of flight
 D - 4 potions of mutation
 S - a potion of magic {unknown}
Books
 h - a book of Changes

   Spells                             Type                      Level
   a - Beastly Appendage              Transmutation                1
   b - Sticks to Snakes               Transmutation                2
   c - Spider Form                    Transmutation/Poison         3
   d - Ice Form                       Ice/Transmutation            4
   e - Blade Hands                    Transmutation                5
 v - a book of Minor Magic

   Spells                             Type                      Level
   a - Magic Dart                     Conjuration                  1
   b - Blink                          Translocation                2
   c - Call Imp                       Summoning                    2
   d - Slow                           Hexes                        2
   e - Conjure Flame                  Conjuration/Fire             3
   f - Mephitic Cloud                 Conjuration/Poison/Air       3
 G - a book of Maledictions

   Spells                             Type                      Level
   a - Corona                         Hexes                        1
   b - Ensorcelled Hibernation        Hexes/Ice                    2
   c - Confuse                        Hexes                        3
   d - Tukima's Dance                 Hexes                        3
   e - Dazzling Spray                 Conjuration/Hexes            3
 L - a book of Party Tricks

   Spells                             Type                      Level
   a - Summon Butterflies             Summoning                    1
   b - Apportation                    Translocation                1
   c - Lesser Beckoning               Translocation                3
   d - Tukima's Dance                 Hexes                        3
   e - Alistair's Intoxication        Transmutation/Poison         5
   f - Invisibility                   Hexes                        6
 P - a book of Misfortune

   Spells                             Type                      Level
   a - Confusing Touch                Hexes                        1
   b - Confuse                        Hexes                        3
   c - Gell's Gravitas                Translocation                3
   d - Petrify                        Transmutation/Earth          4
   e - Metabolic Englaciation         Hexes/Ice                    5
   f - Yara's Violent Unravelling     Hexes/Transmutation          5
Miscellaneous
 W - a lightning rod (4/4)
Comestibles
 b - 14 bread rations
 k - a royal jelly


   Skills:
 + Level 13.7 Fighting
 - Level 7.4 Dodging
 - Level 2.7 Stealth
 - Level 4.5 Shields
 + Level 15.1 Spellcasting
 - Level 11.9 Conjurations
 - Level 6.0 Hexes
 - Level 6.5 Necromancy
 + Level 6.3 Fire Magic
 + Level 0.8 Poison Magic
 + Level 12.5 Evocations


You had 7 spell levels left.
You knew the following spells:

 Your Spells              Type           Power        Failure   Level  Hunger
a - Magic Dart            Conj           ####         1%          1    None
b - Searing Ray           Conj           ######       1%          2    None
c - Iskenderun's Mystic   Conj           ######..     1%          4    None
d - Force Lance           Conj/Tloc      #####...     1%          4    None
e - Fulminant Prism       Conj/Hex       ######....   1%          4    None
f - Bolt of Draining      Conj/Necr      ######....   1%          5    ##.....
g - Iskenderun's Battles  Conj/Chrm      #####...     1%          5    ##.....
h - Bolt of Fire          Conj/Fire      ######....   1%          6    #####..
i - Poison Arrow          Conj/Pois      #####.....   4%          6    #####..


Dungeon Overview and Level Annotations

Branches:
Dungeon (15/15)            Temple (0/1) D:7            Lair (6/6) D:10
  Swamp (0/4) Lair:2       Spider (0/4) Lair:3        Slime (0/5) Lair:5
    Orc (2/2) D:9             Elf (0/3) Orc:2        Vaults (0/5) D:13
 Depths (0/5) D:15

Altars:
Cheibriados
Dithmenos
Elyvilon
Fedhas
Gozag
Makhleb
Okawaru
Qazlal
Ru
Sif Muna
Trog
Vehumet
Xom
Zin
Beogh

Shops:
D:4 !   D:7 [

Annotations:
Orc:2 3 exclusions, dvd's ghost, journeyman MiAK


Innate Abilities, Weirdness & Mutations

You can breathe bolts of dispelling energy.
Your rich purple scales are hard. (AC +9)
You cannot fit into any form of body armour.
You are cold-blooded and may be slowed by cold attacks.


Message History

The orc warrior is severely wounded.
The orc warrior hits you with a glaive!!
You hear a shout!
You hit the orc warrior. You burn the orc warrior.
You tail-slap the orc warrior.
The orc warrior is almost dead.
The orc warrior hits you with a glaive!!
* * * LOW HITPOINT WARNING * * *
An orc comes into view. It is wielding a club.
You barely miss the orc warrior.
The orc warrior is almost dead.
The orc warrior hits you with a glaive.
* * * LOW HITPOINT WARNING * * *
You hit the orc warrior but do no damage.
The orc warrior is almost dead.
The orc warrior closely misses you.
You are confused.
You feel invigorated.
The orc warrior hits you with a glaive!!
You die...

##.##.....#.#.....#...##
##.###.................#
#####...#.............#....##
#...................##......#
#.##########.>.......#..#..##
#.#........#.....#.......#.##
#.#........#.)...............
##.#.##++##.#...........[)....
##..'.#....#.o@......#...[..##.
#...'.#..).#.o.##.#.###...[[.##
##..#.##')##.#..######...##)###
#...#....).[.#..## ##.####[#.
#...#...[....#...## ### #....
#...##########....# ##...
##...............## ###.
#.....#..........## ##
#.................#


You could see an orc warrior and an orc.

Vanquished Creatures
  The ghost of bmj180 the Severer, a journeyman HOFi of Okawaru (Lair:4)
  Snorg (D:13)
  Harold (Lair:4)
  The ghost of vatarom the Destroyer, a journeyman DrCj of Vehumet (D:11)
  Erolcha (D:11)
  2 rakshasas (D:15)
  6 hydras
  3 centaur warriors
  6 two-headed ogres
  2 death yaks (Lair:4)
  3 skeletal warriors (D:14)
  2 unseen horrors
  2 lindwurms
  4 orc knights
  A deep elf mage (D:15)
  2 orc sorcerers
  An orb spider (Lair:3)
  3 cyclopes
  An oklob plant (Lair:1)
  12 ugly things
  A cyclops (shapeshifter) (D:15)
  2 manticores
  2 elephants (shapeshifter)
  7 black mambas
  An elephant (Lair:3)
  Maurice (D:11)
  2 gargoyles
  15 spiny frogs
  4 torpor snails
  13 komodo dragons
  An efreet (D:15)
  3 rime drakes
  A rime drake (shapeshifter) (D:15)
  A freezing wraith (D:14)
  A meliai (shapeshifter) (D:13)
  A queen bee (Lair:3)
  2 polar bears (Lair:6)
  4 hornets
  13 trolls
  3 meliai (D:15)
  21 blink frogs
  Grinder (D:3)
  18 slime creatures
  4 dream sheep (Lair:5)
  13 hippogriffs
  Sigmund (D:2)
  13 spriggans
  3 shadows
  A tarantella (shapeshifter) (D:15)
  A vampire (D:12)
  A wraith (D:7)
  7 wyverns
  53 yaks
  Grum (D:10)
  3 steam dragons
  8 basilisks
  5 hungry ghosts
  3 vampire mosquitoes (D:15)
  7 wargs
  An acid dragon (D:11)
  19 water moccasins
  9 porcupines
  3 ice beasts
  16 orc warriors
  A hornet zombie (D:15)
  3 necrophages
  5 sky beasts
  7 black bears
  3 eyes of draining
  13 ogres
  8 centaurs
  5 phantoms
  28 wolves
  6 boggarts
  20 crocodiles
  2 big kobolds
  A wyvern zombie (D:6)
  19 bullfrogs
  6 scorpions
  29 killer bees
  8 wights
  4 howler monkeys
  11 electric eels
  2 bullfrog zombies
  5 crimson imps
  3 centaur zombies
  A quasit (D:12)
  6 jellies
  10 orc priests
  A gnoll shaman (Orc:2)
  Ijyb (D:3)
  3 centaur skeletons
  12 hounds
  4 bullfrog skeletons
  2 iguanas
  27 orc wizards
  12 worker ants
  5 hell rats (Lair:6)
  A killer bee zombie (D:9)
  3 hound zombies
  A hound skeleton (D:4)
  2 worker ant zombies (D:10)
  10 gnolls
  17 adders
  A river rat (Lair:3)
  6 shadow imps
  2 adder skeletons
  An adder zombie (D:8)
  2 worms (D:2)
  3 dart slugs
  7 leopard geckos
  80 orcs
  4 giant cockroaches
  14 goblins
  11 hobgoblins
  11 jackals
  11 kobolds
  9 quokkas
  2 ball pythons
  A bat (D:1)
  4 frilled lizards
  A leopard gecko zombie (D:5)
  7 rats (D:1)
  9 fulminant prisms
  2 plants (Lair:1)
840 creatures vanquished.

Vanquished Creatures (collateral kills)
  A killer bee (Lair:3)
1 creature vanquished.

Vanquished Creatures (others)
  A centaur warrior (D:14)
  A cyclops (D:11)
  A centaur zombie (D:15)
  A yak (Lair:3)
  A steam dragon (D:8)
  3 electric eels (Lair:2)
  An adder skeleton (D:7)
  3 kobolds (D:11)
  39 fulminant prisms
  32 fungi
  14 plants
97 creatures vanquished.

Grand Total: 938 creatures vanquished

Notes
Turn   | Place    | Note
-------+----------+-------------------------------------------
     0 | D:1      | Humpert the Draconian Conjurer began the quest for the Orb.
     0 | D:1      | Reached XP level 1. HP: 14/14 MP: 3/3
   231 | D:1      | Reached XP level 2. HP: 6/20 MP: 1/5
   478 | D:1      | Learned a level 2 spell: Searing Ray
   930 | D:1      | Reached XP level 3. HP: 26/26 MP: 2/6
  1079 | D:2      | Noticed Sigmund
  1236 | D:2      | Reached skill level 5 in Conjurations
  1700 | D:2      | Reached XP level 4. HP: 33/33 MP: 2/7
  2298 | D:2      | Killed Sigmund
  2298 | D:2      | Reached skill level 1 in Shields
  2298 | D:2      | Reached skill level 3 in Spellcasting
  2298 | D:2      | Reached XP level 5. HP: 20/38 MP: 1/9
  2449 | D:2      | Learned a level 4 spell: Iskenderun's Mystic Blast
  2699 | D:3      | Reached XP level 6. HP: 45/45 MP: 7/10
  2849 | D:3      | Found a shadowy altar of Dithmenos.
  3174 | D:3      | You fall through a shaft for 3 floors!
  3322 | D:6      | Noticed a sky beast
  3377 | D:5      | Entered Level 5 of the Dungeon
  3380 | D:5      | Found a radiant altar of Vehumet.
  3388 | D:5      | Became a worshipper of Vehumet
  3405 | D:5      | Noticed a yak
  3405 | D:5      | Noticed a yak
  3405 | D:5      | Noticed a yak
  3405 | D:5      | Noticed a yak
  3405 | D:5      | Noticed a yak
  3492 | D:4      | Killed a yak
  3912 | D:3      | Noticed Grinder
  3927 | D:3      | Killed Grinder
  3927 | D:3      | Your scales start taking on a rich purple colour.
  3927 | D:3      | Reached skill level 4 in Spellcasting
  3927 | D:3      | Reached XP level 7. HP: 50/50 MP: 1/13
  4069 | D:3      | Noticed Ijyb
  4088 | D:3      | Killed Ijyb
  4407 | D:3      | Found an opulent altar of Gozag.
  4685 | D:4      | Reached skill level 5 in Spellcasting
  4900 | D:4      | Reached XP level 8. HP: 45/57 MP: 1/15
  5200 | D:4      | Found Rul Tim's Distillery.
  5277 | D:4      | Bought 2 potions of curing for 78 gold pieces
  5277 | D:4      | Bought a potion of heal wounds for 65 gold pieces
  5277 | D:4      | Bought 2 potions of flight for 78 gold pieces
  5277 | D:4      | Bought a potion of brilliance for 52 gold pieces
  5310 | D:4      | Reached * piety under Vehumet
  5310 | D:4      | Offered knowledge of Flame Tongue by Vehumet.
  5314 | D:4      | Found a white marble altar of Elyvilon.
  5738 | D:4      | Reached skill level 6 in Spellcasting
  6070 | D:4      | Reached skill level 1 in Fighting
  6253 | D:4      | Reached skill level 5 in Dodging
  6673 | D:5      | Reached XP level 9. HP: 68/68 MP: 10/18
  8038 | D:6      | Noticed a two-headed ogre
  8048 | D:6      | Killed a two-headed ogre
  8048 | D:6      | Reached skill level 7 in Spellcasting
  8339 | D:6      | Offered knowledge of Shock by Vehumet.
  8404 | D:6      | Reached ** piety under Vehumet
  8474 | D:6      | Reached skill level 8 in Spellcasting
  8479 | D:6      | Reached skill level 5 in Fighting
  8725 | D:6      | Reached XP level 10. HP: 68/81 MP: 22/22
  9271 | D:7      | Found Ehoader's Armour Emporium.
  9488 | D:7      | Found a staircase to the Ecumenical Temple.
  9522 | D:7      | Found a shimmering altar of Xom.
  9551 | D:7      | Found a sacrificial altar of Ru.
 10084 | D:8      | Found a burning altar of Makhleb.
 10090 | D:8      | Learned a level 4 spell: Force Lance
 10095 | D:8      | Learned a level 4 spell: Fulminant Prism
 10170 | D:8      | Found a blossoming altar of Fedhas.
 10209 | D:8      | Found a snail-covered altar of Cheibriados.
 10218 | D:8      | Found a stormy altar of Qazlal.
 10219 | D:8      | Found a deep blue altar of Sif Muna.
 10295 | D:8      | Offered knowledge of Ignite Poison by Vehumet.
 10637 | D:8      | Found an iron altar of Okawaru.
 10747 | D:8      | Reached skill level 9 in Spellcasting
 11059 | D:9      | Found a staircase to the Orcish Mines.
 11663 | D:9      | Reached skill level 1 in Evocations
 11696 | D:9      | Reached *** piety under Vehumet
 11757 | D:10     | Entered Level 10 of the Dungeon
 12339 | D:10     | Noticed Grum
 12346 | D:10     | Killed Grum
 12568 | D:10     | Reached XP level 11. HP: 71/92 MP: 24/24
 12884 | D:10     | Found a staircase to the Lair.
 13259 | D:10     | Offered knowledge of Stone Arrow by Vehumet.
 13347 | D:10     | Reached skill level 10 in Spellcasting
 13537 | D:10     | Reached skill level 10 in Conjurations
 14058 | D:11     | Reached **** piety under Vehumet
 14605 | D:11     | Noticed vatarom's ghost (journeyman DrCj)
 14644 | D:11     | Killed vatarom's ghost
 14954 | D:11     | Noticed an eight-headed hydra
 14960 | D:11     | Killed an eight-headed hydra
 14960 | D:11     | Reached skill level 5 in Evocations
 14975 | D:11     | Offered knowledge of Bolt of Draining by Vehumet.
 15067 | D:11     | Learned a level 5 spell: Bolt of Draining
 15293 | D:11     | Noticed a two-headed ogre
 15302 | D:11     | Killed a two-headed ogre
 15810 | D:11     | Noticed Maurice
 15817 | D:11     | Killed Maurice
 16056 | D:10     | Reached skill level 11 in Spellcasting
 16573 | D:10     | Reached XP level 12. HP: 80/103 MP: 27/27
 16793 | D:11     | Noticed Erolcha
 16800 | D:11     | Killed Erolcha
 17152 | D:11     | Reached ***** piety under Vehumet
 17157 | D:11     | Offered knowledge of Iskenderun's Battlesphere by Vehumet.
 17165 | D:11     | Learned a level 5 spell: Iskenderun's Battlesphere
 17362 | D:11     | Found a roughly hewn altar of Beogh.
 17759 | Lair:1   | Entered Level 1 of the Lair of Beasts
 20264 | Lair:1   | Reached skill level 10 in Fighting
 20637 | Lair:2   | Noticed a seven-headed hydra
 20648 | Lair:2   | Killed a seven-headed hydra
 20648 | Lair:2   | Reached skill level 12 in Spellcasting
 21167 | Lair:2   | Found a staircase to the Swamp.
 22155 | Lair:2   | Reached XP level 13. HP: 114/114 MP: 24/29
 22533 | Lair:3   | Found a hole to the Spider Nest.
 22628 | Lair:3   | Reached skill level 1 in Hexes
 22628 | Lair:3   | Reached skill level 1 in Necromancy
 26259 | Lair:3   | Offered knowledge of Bolt of Cold by Vehumet.
 26272 | Lair:3   | Learned a level 6 spell: Bolt of Fire
 26335 | Lair:4   | Noticed bmj180's ghost (journeyman HOFi)
 26342 | Lair:3   | Reached skill level 13 in Spellcasting
 26694 | Lair:4   | Noticed Harold
 26701 | Lair:4   | Killed Harold
 28661 | Lair:4   | Killed bmj180's ghost
 29054 | Lair:4   | Found a snail-covered altar of Cheibriados.
 29304 | Lair:4   | Reached skill level 5 in Necromancy
 29614 | Lair:5   | Reached skill level 10 in Evocations
 29754 | Lair:5   | Found a staircase to the Slime Pits.
 29833 | Lair:5   | Reached XP level 14. HP: 124/124 MP: 31/31
 30318 | Lair:5   | Reached skill level 5 in Hexes
 30437 | Lair:5   | Found a runed door.
 31034 | Lair:5   | Identified the Grimoire of Arcane Weapons and Evil Rites
 31133 | Lair:6   | Entered Level 6 of the Lair of Beasts
 33598 | Lair:6   | Offered knowledge of Yara's Violent Unravelling by Vehumet.
 35095 | D:12     | Reached skill level 1 in Fire Magic
 35208 | D:12     | Reached skill level 14 in Spellcasting
 37558 | D:13     | Noticed Snorg
 37564 | D:13     | Killed Snorg
 38333 | D:13     | Offered knowledge of Irradiate by Vehumet.
 38857 | D:13     | Found a gate to the Vaults.
 39284 | D:14     | Reached XP level 15. HP: 112/134 MP: 23/33
 40222 | D:14     | Found a glowing silver altar of Zin.
 40707 | D:15     | Entered Level 15 of the Dungeon
 41862 | D:15     | Reached skill level 5 in Fire Magic
 43060 | D:15     | Offered knowledge of Poison Arrow by Vehumet.
 43080 | D:15     | Reached skill level 15 in Spellcasting
 43920 | D:15     | Found a staircase to the Depths.
 44217 | Orc:1    | Entered Level 1 of the Orcish Mines
 44989 | Orc:1    | Learned a level 6 spell: Poison Arrow
 45271 | Orc:2    | Entered Level 2 of the Orcish Mines
 45645 | Orc:2    | Found a bloodstained altar of Trog.
 45682 | Orc:2    | Noticed dvd's ghost (journeyman MiAK)
 45910 | Orc:1    | Slain by an orc warrior

Skill      XL: |  1  2  3  4  5  6  7  8  9 10 11 12 13 14 15 |
---------------+----------------------------------------------+-----
Dodging        | 2 3 4 5 6 7 |  7.4
Conjurations   | 5 6 7 8 9 10 11 | 11.9
Stealth        | 2 |  2.7
Shields        | 1 3 4 |  4.5
Spellcasting   | 3 4 5 6 8 9 11 12 13 14 15 | 15.1
Fighting       | 2 5 7 8 10 11 12 13 | 13.7
Evocations     | 2 6 8 10 11 12 | 12.5
Hexes          | 4 6 |  6.0
Necromancy     | 5 6 |  6.5
Fire Magic     | 3 6 |  6.3
Poison Magic   | |  0.8

Action                   |  1- 3 |  4- 6 |  7- 9 | 10-12 | 13-15 || total
-------------------------+-------+-------+-------+-------+-------++-------
Melee: Unarmed           |    14 |       |       |       |       ||    14
       Tailslap          |     3 |     4 |     7 |     6 |    18 ||    38
       Dagger            |     1 |       |       |       |       ||     1
       Short sword       |       |    25 |    61 |    60 |   133 ||   279
 Cast: Magic Dart        |    79 |    73 |   199 |   478 |   489 ||  1318
       Searing Ray       |       |     4 |    34 |    85 |    47 ||   170
       Iskenderun's Myst |       |     2 |     2 |    97 |    39 ||   140
       Force Lance       |       |       |       |    43 |   221 ||   264
       Fulminant Prism   |       |       |       |    19 |    29 ||    48
       Bolt of Draining  |       |       |       |    61 |   278 ||   339
       Iskenderun's Batt |       |       |       |     2 |    10 ||    12
       Bolt of Fire      |       |       |       |       |   193 ||   193
       Poison Arrow      |       |       |       |       |     1 ||     1
Evoke: Wand              |       |       |       |     7 |    33 ||    40
  Use: Scroll            |       |     2 |    14 |    15 |    21 ||    52
       Potion            |       |       |       |     6 |     5 ||    11
  Eat: Chunk             |     4 |     1 |     3 |    25 |    60 ||    93
       Fruit             |       |     1 |    14 |     4 |    15 ||    34
       Meat ration       |       |     1 |       |       |     9 ||    10
       Royal jelly       |       |       |       |     6 |     8 ||    14
       Bread ration      |       |       |       |     4 |     3 ||     7
Armor: Skin              |     1 |    11 |    40 |    54 |    88 ||   194
Dodge: Dodged            |    14 |    26 |    84 |   197 |   257 ||   578
Block: Buckler           |       |     8 |    29 |   126 |   248 ||   411
       Reflection        |       |       |       |     7 |    13 ||    20
